 Dungeon Crawl Stone Soup version 0.31-a0-162-gc4c5a43528 (webtiles) character file.

Game seed: 14075211383376506274

403 qw the Chopper (level 6, 0/40 HPs)
             Began as a Gargoyle Fighter on June 12, 2023.
             Slain by a river rat (2 damage)
             ... summoned by Eustachio
             ... on level 4 of the Dungeon.
             The game lasted 00:01:34 (2283 turns).

qw the Chopper (Gargoyle Fighter)                   Turns: 2283, Time: 00:01:35

Health: 0/40       AC: 15    Str: 19 (21) XL:     6   Next: 86%
Magic:  6/6        EV:  7    Int:  9      God:
Gold:   98         SH:  3    Dex:  5 (9)  Spells: 5/5 levels left

rFire   . . .        Y - +1 war axe (flame)
rCold   . . .        c - +0 buckler
rNeg    + . .        a - +0 chain mail
rPois   inf          f - +0 helmet
rElec   +            e - +0 cloak
rCorr   .            (no gloves)
SInv    .            (no boots)
Will    .....        (no amulet) Stlth
                     (no ring)
HPRegen 0.26/turn    (no ring)
MPRegen 0.10/turn

%: no passive effects
@: about to teleport
A: sickness immunity, AC +4, negative energy resistance 1, electricity
resistance, torment resistance 1, petrification resistance
a: no special abilities


You were on level 4 of the Dungeon.
You visited 1 branch of the dungeon, and saw 4 of its levels.
You also visited: Sewer.

You collected 98 gold pieces.


Innate Abilities, Weirdness & Mutations

You are immune to sickness and miasma.
Your stone body is resilient. (AC +4)
You are immune to poison.
You resist negative energy. (rN+)
You are resistant to electric shocks. (rElec)
You are resistant to unholy torment.
You are immune to petrification.


   Skills:
 - Level 4.9 Fighting
 + Level 5.7 Axes
 - Level 3.2 Armour
 - Level 3.2 Shields


You had 5 spell levels left.
You didn't know any spells.
Your spell library was empty.

Inventory:

Hand Weapons
 Y - a +1 war axe of flaming (weapon)
Armour
 a - a +0 chain mail (worn)
 c - a +0 buckler (worn)
 e - a +0 cloak (worn)
 f - a +0 helmet (worn)
Jewellery
 b - a +6 ring of intelligence
Potions
 d - 4 potions of might
 h - a potion of lignification
 i - a potion of haste {unknown}
 k - a potion of mutation {unknown}

Dungeon Overview and Level Annotations

Branches:
Dungeon (4/15)              Sewer (visited)
 Temple: D:4-7

Altars:
Fedhas

Annotations:
D:4 Eustachio


Message History

The quasit claws you but does no damage. x2
Eustachio hits you but does no damage.
You miss the quasit.
The quasit is heavily wounded.
You closely miss Eustachio.
The quasit disappears in a puff of smoke!
Eustachio closely misses you.
The white imp laughs crazily.
The white imp gestures at you.
The puff of frost hits you but does no damage.
You slash Eustachio! You burn Eustachio.
Eustachio is severely wounded.
You hit the white imp but do no damage.
Eustachio gestures wildly while chanting.
The white imp gestures at you. The puff of frost hits you!
2280 ||| READING scroll of teleportation.
As you read the scroll of teleportation, it crumbles to dust.
You feel strangely unstable. Eustachio barely misses you.
You slash Eustachio! You burn Eustachio.
Eustachio is almost dead.
You barely miss the river rat. You miss the quasit.
Eustachio completely misses you. You block the river rat's attack.
The quasit bites you but does no damage.
The quasit closely misses you. x2; Eustachio hits you but does no damage.
You hit Eustachio. You burn Eustachio.
Eustachio is almost dead.
You slash the quasit! You burn the quasit. You closely miss the river rat.
The quasit bites you but does no damage.
The quasit claws you but does no damage.
The quasit claws you. The river rat barely misses you.
Eustachio casts a spell.
You closely miss Eustachio.
Eustachio is almost dead.
You closely miss the river rat. You hit the quasit.
You kill the quasit!
The quasit disappears in a puff of smoke!
The river rat bites you.
You die...

#....# #..........
#######'##### ####.......
............# #.......
............# #.......
............## #.......
.............### #.......
...............## #.......
............##..## #.......
#....######@.....####..)....
#....#...5@¤r....+..........
.. #.....5.....###.....)..
#...r.r...........#####
#...............#..
#..!##..........### #...
#.......... #... #......##


You could see Eustachio, a river rat (summoned), 2 white imps, a quokka
(summoned) and a rat (summoned).

Vanquished Creatures
  Pargi (Sewer)
  An ogre (D:4)
  An orc priest (D:2)
  Jessica (D:2)
  Robin (D:2)
  3 gnolls (D:2)
  3 adders
  An ufetubus (D:4)
  10 orcs
  8 ball pythons
  6 endoplasms
  5 giant cockroaches
  8 hobgoblins
  2 jackals (D:2)
  5 kobolds
  5 quokkas
  3 bats
  10 frilled lizards
  13 goblins
  3 rats
90 creatures vanquished.

Notes
Turn   | Place    | Note
-------+----------+-------------------------------------------
     0 | D:1      | qw the Gargoyle Fighter began the quest for the Orb.
     0 | D:1      | Reached XP level 1. HP: 14/14 MP: 1/1
     0 | D:1      | 0 ||| qw: Version: 0.2-a-29-gc1b59c4
     0 | D:1      | 0 ||| qw: Game counter: 4363
     0 | D:1      | 0 ||| qw: Always use a shield: true
     0 | D:1      | 0 ||| qw: God list: Okawaru
     0 | D:1      | 0 ||| qw: Allow faded altars: false
     0 | D:1      | 0 ||| qw: Do Orc after D:15 true
     0 | D:1      | 0 ||| qw: Do second Lair branch before Depths: true
     0 | D:1      | 0 ||| qw: Lair rune preference: random
     0 | D:1      | 0 ||| qw: Plans: Normal, Zot:1-4, Slime:5, God:TSO, Crypt,
                  | Tomb, Abyss, Pan, Hells, Win
     0 | D:1      | 0 ||| PLANNING D:1-11
    50 | D:1      | Reached skill level 2 in Axes
    95 | D:1      | 95 ||| Stepping ~*~*~tactically~*~*~ (stealth).
   152 | D:1      | Reached XP level 2. HP: 19/19 MP: 2/2
   718 | D:1      | 718 ||| UPGRADING to +0 cloak.
   723 | D:1      | 723 ||| READING scroll labelled LEXANE BESHRUU.
   765 | D:2      | Reached skill level 3 in Axes
   765 | D:2      | Reached XP level 3. HP: 23/23 MP: 3/3
   805 | D:2      | Noticed Jessica
   806 | D:2      | 806 ||| Stepping ~*~*~tactically~*~*~ (hiding).
   807 | D:2      | 807 ||| Stepping ~*~*~tactically~*~*~ (hiding).
   811 | D:2      | Killed Jessica
   812 | D:2      | Reached skill level 4 in Axes
   812 | D:2      | Reached XP level 4. HP: 28/28 MP: 4/4
   817 | D:2      | 817 ||| Stepping ~*~*~tactically~*~*~ (stealth).
   838 | D:2      | 838 ||| Stepping ~*~*~tactically~*~*~ (stealth).
   865 | D:2      | 865 ||| DROPPING +0 whip.
   877 | D:2      | 877 ||| Stepping ~*~*~tactically~*~*~ (stealth).
   881 | D:2      | 881 ||| Stepping ~*~*~tactically~*~*~ (stealth).
   924 | D:2      | 924 ||| Stepping ~*~*~tactically~*~*~ (stealth).
   925 | D:2      | 925 ||| Stepping ~*~*~tactically~*~*~ (stealth).
   928 | D:2      | Noticed Robin
   940 | D:2      | Killed Robin
   941 | D:2      | Reached XP level 5. HP: 21/32 MP: 5/5
   997 | D:2      | 997 ||| DROPPING +0 mace.
  1275 | D:2      | 1275 ||| UPGRADING to +0 chain mail.
  1285 | D:2      | 1285 ||| DROPPING +0 scale mail.
  1286 | D:2      | 1286 ||| UPGRADING to +0 helmet.
  1291 | D:2      | 1291 ||| READING scroll labelled ERUUCL DACOC.
  1292 | D:2      | 1292 ||| READING scroll labelled SILAHU XO BUI.
  1293 | D:2      | 1293 ||| DROPPING +0 flail.
  1294 | D:2      | 1294 ||| READING scroll labelled SEF BILEBYA.
  1313 | D:3      | 1313 ||| PLANNING SEWER
  1325 | D:3      | Reached skill level 5 in Axes
  1330 | D:3      | 1330 ||| Stepping ~*~*~tactically~*~*~ (stealth).
  1332 | D:3      | 1332 ||| Stepping ~*~*~tactically~*~*~ (stealth).
  1371 | D:3      | Found a blossoming altar of Fedhas.
  1725 | D:3      | Found a glowing drain.
  1726 | D:3      | 1726 ||| READING scroll labelled LYZUSO GUEVOUPN.
  1727 | D:3      | 1727 ||| READING scroll labelled KEMEBAEDWO.
  1728 | D:3      | 1728 ||| DRINKING 2 purple potions.
  1758 | D:3      | 1758 ||| DRINKING 2 bubbling purple potions.
  1759 | D:3      | 1759 ||| DROPPING potion of degeneration.
  1763 | Sewer    | Entered a sewer
  1808 | Sewer    | Noticed Pargi
  1826 | Sewer    | Killed Pargi
  1827 | Sewer    | Reached XP level 6. HP: 25/40 MP: 6/6
  1890 | Sewer    | 1890 ||| Stepping ~*~*~tactically~*~*~ (water).
  1973 | Sewer    | 1973 ||| READING scroll labelled CAAF NOZOI.
  1974 | Sewer    | 1974 ||| READING scroll labelled LIUSHAFRID.
  1975 | Sewer    | 1975 ||| DRINKING 3 fizzy orange potions.
  1976 | Sewer    | 1976 ||| DROPPING 2 potions of invisibility.
  1984 | D:3      | 1984 ||| PLANNING D:1-11
  2015 | D:4      | 2015 ||| Stepping ~*~*~tactically~*~*~ (stealth).
  2017 | D:4      | 2017 ||| Stepping ~*~*~tactically~*~*~ (stealth).
  2111 | D:4      | 2111 ||| Stepping ~*~*~tactically~*~*~ (stealth).
  2117 | D:4      | 2117 ||| FLEEEEING.
  2118 | D:4      | 2118 ||| FLEEEEING.
  2119 | D:4      | 2119 ||| FLEEEEING.
  2184 | D:4      | 2184 ||| Stepping ~*~*~tactically~*~*~ (stealth).
  2241 | D:4      | Noticed Eustachio
  2242 | D:4      | 2242 ||| Stepping ~*~*~tactically~*~*~ (stealth).
  2279 | D:4      | HP: 2/40 [white imp/puff of frost[Eustachio] (11)]
  2280 | D:4      | 2280 ||| READING scroll of teleportation.
  2283 | D:4      | Slain by a river rat

Levels and vault maps discovered:
D:1:      roderic_dead_forest, layout_basic
D:2:      layout_rooms, grunt_ministairs_2, uniq_jessica, uniq_robin
D:3:      layout_rooms, fedhas_altar_1, gup_sewer_entry_bowl
D:4:      layout_basic, minmay_temple_entry_fiery, grunt_decor_junction,
          uniq_grinder, uniq_eustachio

Skill      XL: |  1  2  3  4  5 |
---------------+----------------+-----
Axes           | 2 3 4 5 |  5.7
Fighting       | 4 |  4.9
Armour         | |  3.2
Shields        | |  3.2

Action                     |  1- 3 |  4- 6 || total
---------------------------+-------+-------++-------
  Melee: War axe           |    62 |   212 ||   274
    Use: Scroll            |     1 |     8 ||     9
         Potion            |       |     3 ||     3
 Armour: Scale mail        |    33 |    51 ||    84
         Chain mail        |       |   191 ||   191
  Dodge: Dodged            |    36 |   147 ||   183
  Block: Buckler           |    10 |    54 ||    64

Table legend:
 A = Non-vault XP
 B = Vault XP
 C = Vault XP percentage of total XP
 D = Non-vault monster count
 E = Vault monster count
 F = Vault count percentage of total count
                 A         B        C        D         E       F
            +---------+---------+-------+---------+---------+-------
      Total |     338 |     238 |  41.3 |      61 |      29 |  32.2
            +---------+---------+-------+---------+---------+-------
        D:1 |      29 |       0 |   0.0 |      18 |       0 |   0.0
        D:2 |     117 |      80 |  40.6 |      17 |      17 |  50.0
        D:3 |      33 |       7 |  17.5 |      15 |       4 |  21.1
        D:4 |     159 |       0 |   0.0 |      11 |       0 |   0.0
      Sewer |       0 |     151 | 100.0 |       0 |       8 | 100.0
            +---------+---------+-------+---------+---------+-------
